 Zot Defence DCSS version 0.15.2 (webtiles) character file.

355 potatolord6000 the Shield-Bearer (level 6, -14/48 HPs)
             Began as a Formicid Fighter on May 24, 2017.
             Was an Initiate of Qazlal.
             Killed by an exploding giant spore (18 damage)
             ... summoned by the player character
             ... set off by their pet
             ... in the Realm of Zot (Scenario I: Hall of Zot) on Sept 11, 2017.
             The game lasted 00:06:51 (562 turns).

potatolord6000 the Shield-Bearer (Formicid Fighter)  Turns: 562, Time: 00:06:54

HP -14/48        AC  7     Str 22      XL: 6   Next: 95%
MP   8/8         EV  8     Int  8      God: Qazlal [......]
Gold 0           SH  0     Dex 10      Spells:  0 memorised,  5 levels left

rFire  . . .     SeeInvis +     a - +0 war axe
rCold  . . .     Clarity  .     b - +0 scale mail
rNeg   . . .     rCorr    .     c - +0 shield
rPois  .         rRot     .     (helmet unavailable)
rElec  .         Spirit   .     (no cloak)
SustAb .         Warding  .     (no gloves)
rMut   .         Stasis   +     (no boots)
Gourm  .                        (no amulet)
MR     .....                    (no ring)
                                (no ring)

@: confused, not resistant to hostile enchantments, extremely unstealthy
A: permanent stasis, dig shafts and tunnels, four strong arms, antennae 3
a: Make oklob sapling, Make arrow trap, Make plant, Remove Curse, Make burning
bush, Make altar, Make grenades, Dig, Renounce Religion


You were in the Realm of Zot.
You worshipped Qazlal.
Qazlal was noncommittal.
You were not hungry.

You visited 1 branch

Inventory:

Hand weapons
 a - a +0 war axe (weapon)
Armour
 b - a +0 scale mail (worn)
 c - a +0 shield (worn)
Comestibles
 f - a bread ration
Potions
 d - 3 potions of curing
 e - a potion of might
 i - 2 potions of magic


   Skills:
 + Level 4.1 Fighting
 + Level 3.4 Axes
 + Level 4.5 Armour
 + Level 2.3 Dodging
 + Level 5.5 Shields


You had 5 spell levels left.
You didn't know any spells.

Dungeon Overview and Level Annotations

Branches:
    Zot (1/1)

Altars:
Qazlal


Innate Abilities, Weirdness & Mutations

Your are under a permanent stasis effect.
You can dig through walls and to a lower floor.
Your four strong arms can wield two-handed weapons with a shield.
You have a pair of large antennae on your head (SInv).


Message History

Use which ability? (? or * to list)
Okay, then.
Use which ability? (? or * to list)
You create a living grenade. x2
Your giant spore explodes!
The explosion of spores engulfs you!
You are confused.
Ouch! That really hurt!
* * * LOW HITPOINT WARNING * * *
Edmund appears confused.
The explosion of spores engulfs Edmund.
Edmund dies!
Qazlal accepts your collateral kill.
Your Fighting skill increases to level 4!
Your Axes skill increases to level 3!
Your Dodging skill increases to level 2!
The explosion of spores engulfs your giant spore.
Your giant spore explodes!
The explosion of spores engulfs you!
You are more confused.
You die...

######### ######### ....####
####.... .......### ###.......
.........## ##.........
..........# ▓▓▓▓▓▓▓▓▓ #..........
..........▓▓▓.......▓▓▓..........
..........▓▓..%.....^▓▓..........
..........▓....)%)....▓..........
..........(..%.)@)%..............
..........▓^...%%%...^▓..........
..........▓▓.........▓▓..........
..........▓▓▓.......▓▓▓..........
..........▓ ▓▓▓▓▓▓▓▓▓ ▓..........
.........▓▓ ▓▓.........
.......▓▓▓ ▓▓▓....... ....▓▓▓▓
▓▓▓▓.... ▓▓▓▓▓▓▓▓ ▓▓▓▓▓▓▓▓


There were no monsters in sight!

Vanquished Creatures
  A worm (Zot)
  2 oozes (Zot)
  A ball python (Zot)
  4 hobgoblins (Zot)
  A jackal (Zot)
  4 kobolds (Zot)
  6 bats (Zot)
  A giant newt (Zot)
  2 goblins (Zot)
  12 rats (Zot)
34 creatures vanquished.

Vanquished Creatures (collateral kills)
  Edmund (Zot)
  A crimson imp (Zot)
  An adder (Zot)
  3 worms (Zot)
  2 giant cockroaches (Zot)
  A kobold (Zot)
  4 bats (Zot)
13 creatures vanquished.

Vanquished Creatures (others)
  An oklob sapling (Zot)
  A rat (Zot)
  4 plants (Zot)
6 creatures vanquished.

Grand Total: 53 creatures vanquished

Notes
Turn   | Place    | Note
--------------------------------------------------------------
     0 | Zot      | potatolord6000, the Formicid Fighter, began the quest for the Orb.
     0 | Zot      | Reached XP level 1. HP: 18/18 MP: 1/1
   240 | Zot      | Reached XP level 2. HP: 18/24 MP: 3/3
   252 | Zot      | Reached skill level 4 in Shields
   252 | Zot      | Reached XP level 3. HP: 22/29 MP: 4/4
   287 | Zot      | Reached XP level 4. HP: 27/35 MP: 5/5
   388 | Zot      | Reached XP level 5. HP: 38/42 MP: 7/7
   500 | Zot      | Reached skill level 1 in Dodging
   508 | Zot      | Reached skill level 5 in Shields
   534 | Zot      | Noticed Edmund
   538 | Zot      | Reached XP level 6. HP: 48/48 MP: 8/8
   550 | Zot      | Became a worshipper of Qazlal Stormbringer
   562 | Zot      | Killed Edmund
   562 | Zot      | Killed by an exploding giant spore... set off by their pet

Action                   |  1- 3 |  4- 6 || total
-------------------------+-------+-------++-------
Melee: War axe           |    21 |    49 ||    70
 Abil: Dig               |     5 |       ||     5
       Make oklob saplin |     1 |       ||     1
       Make plant        |       |     4 ||     4
       Make arrow trap   |       |     3 ||     3
       Make altar        |       |     1 ||     1
       Make grenades     |       |     1 ||     1
  Use: Potion            |       |     1 ||     1
 Stab: Distracted        |       |     1 ||     1
